 Dungeon Crawl Stone Soup version 0.31.0-12-g77e489cdc1 (webtiles) character file.

Game seed: 2368768904559481640

6157 Silvore the Basher (level 10, -19/92 HPs)
             Began as a Minotaur Fighter on Feb 21, 2024.
             Was a Believer of Okawaru.
             Demolished by a red ugly thing (20 damage)
             ... on level 8 of the Dungeon.
             The game lasted 00:10:18 (8098 turns).

Silvore the Basher (Minotaur Fighter)               Turns: 8098, Time: 00:10:19

Health: -19/92     AC:  8    Str: 24    XL:     10   Next: 60%
Magic:  9/9        EV: 16    Int:  5    God:    Okawaru [**....]
Gold:   370        SH:  7    Dex: 11    Spells: 9/9 levels left

rFire   . . .        f - +6 morningstar
rCold   . . .        c - +2 buckler
rNeg    . . .        b - +0 scale mail
rPois   .            (helmet restricted)
rElec   .            w - scarf {repulsion}
rCorr   .            (no gloves)
SInv    .            (no boots)
Will    .....        (no amulet) Stlth
                     u - +5 ring of evasion
HPRegen 0.35/turn    (no ring)
MPRegen 0.11/turn

%: repel missiles
@: no status effects
A: horns 2, retaliatory headbutt
a: Renounce Religion, Heroism


You were on level 8 of the Dungeon.
You worshipped Okawaru.
Okawaru was pleased with you.
You visited 2 branches of the dungeon, and saw 9 of its levels.
You also visited: Sewer.

You collected 370 gold pieces.

Inventory:

Hand Weapons
 a - a +0 flail of flaming
 f - a +6 morningstar (weapon)
Armour
 b - a +0 scale mail (worn)
 c - a +2 buckler (worn)
 w - a scarf of repulsion (worn)
 A - a +0 cloak
Jewellery
 u - a +5 ring of evasion (left hand)
 D - a ring of protection from fire
Wands
 q - a wand of digging (10)
 s - a wand of polymorph (7)
 z - a wand of quicksilver (8)
Scrolls
 l - a scroll of revelation
 t - 3 scrolls of fog
 y - a scroll of enchant weapon
 B - a scroll of teleportation
 C - a scroll of immolation
Potions
 d - a potion of heal wounds
 e - 4 potions of curing
 g - a potion of might
 h - a potion of attraction
 i - 2 potions of ambrosia
 j - 3 potions of brilliance
 k - 3 potions of resistance
 m - a potion of invisibility
 n - 2 potions of mutation
 o - a potion of cancellation
 p - 2 potions of haste
 r - a potion of magic {unknown}
 v - a potion of lignification {unknown}
 x - a potion of degeneration {unknown}


   Skills:
 + Level 9.7 Fighting
 + Level 12.5 Maces & Flails
 + Level 9.2 Armour
 + Level 4.4 Dodging
 + Level 1.4 Stealth
 + Level 6.8 Shields
 + Level 1.0 Unarmed Combat


You had 9 spell levels left.
You didn't know any spells.
Your spell library contained the following spells:

 Spells                   Type           Power      Damage    Failure   Level
 Dazzling Flash           Conj/Hex       0%         N/A       98%         3
 Mephitic Cloud           Conj/Alch/Air  0%         N/A       98%         3
 Curse of Agony           Necr           0%         N/A       100%        5
 Silence                  Hex/Air        0%         N/A       100%        5
 Summon Small Mammal      Summ           Unusable   N/A       N/A         1
 Summon Ice Beast         Ice/Summ       Unusable   N/A       N/A         3
 Animate Armour           Summ/Erth      Unusable   N/A       N/A         4
 Summon Mana Viper        Hex/Summ       Unusable   N/A       N/A         5
 Monstrous Menagerie      Summ           Unusable   N/A       N/A         7
 Summon Horrible Things   Summ           Unusable   N/A       N/A         8

Dungeon Overview and Level Annotations

Branches:
Dungeon (8/15)             Temple (1/1) D:7            Lair (0/5) D:8
  Sewer (visited)

Altars:
Ashenzari
Cheibriados
Dithmenos
Elyvilon
Fedhas
Gozag
Hepliaklqana
Kikubaaqudgha
Makhleb
Nemelex Xobeh
Okawaru
Qazlal
Ru
Sif Muna
Trog
Uskayaw
Vehumet
Wu Jian
Xom
Yredelemnul
Zin
The Shining One


Innate Abilities, Weirdness & Mutations

You have a pair of horns on your head.
You reflexively headbutt those who attack you in melee.


Message History

The arcanist is heavily wounded.
You puncture the arcanist! Your headbutt misses the arcanist.
The arcanist is almost dead.
The arcanist hits you with a +0 dagger.
Unknown command.
You hit the arcanist.
You kill the arcanist!
Okawaru is honoured by your kill. The sleepcap misses you.
You furiously retaliate!
You headbutt the sleepcap! You thump the sleepcap!
The sleepcap is severely damaged.
You block the sleepcap's attack.
You sock the sleepcap!
You destroy the sleepcap!
Okawaru accepts your kill.
Things that are here:
a +0 club; a kobold corpse You feel less fragile.
A red ugly thing comes into view.
A red ugly thing is nearby!
You see here a +0 dagger.
The red ugly thing punches you.
You are engulfed in flames!!
You hit the red ugly thing but do no damage.
Your headbutt misses the red ugly thing.
You closely miss the red ugly thing. You block the red ugly thing's attack.
You sock the red ugly thing!
The red ugly thing is lightly wounded.
The red ugly thing barely misses you. You furiously retaliate!
You headbutt the red ugly thing! You hit the red ugly thing.
Your headbutt misses the red ugly thing.
The red ugly thing is moderately wounded.
The red ugly thing punches you.
You are engulfed in flames!!
* * * LOW HITPOINT WARNING * * *
You hit the red ugly thing.
The red ugly thing is heavily wounded.
The red ugly thing punches you!
* * * LOW HITPOINT WARNING * * *
You are engulfed in flames!!
You die...

..## ..# ## ..#
.# ..# #.. ..# ..
. ..# ##'# ..
..## #..###..#
...# ##u......#
...#####
#.@......#
.......###
##.......##
..####...##
#.).....## ###
###.)####))....##
# ##..).))....##
############


You could see a red ugly thing.

Vanquished Creatures
  An arcanist (D:8)
  Pikel (D:5)
  An elephant (D:7)
  Grinder (D:3)
  A wyvern (D:8)
  6 yaks
  A basilisk (D:8)
  A steam dragon (D:8)
  The ghost of rozman the Insei, an amateur MfSh of Trog (D:4)
  3 sky beasts (D:6)
  4 black bears
  2 ice beasts
  2 ogres
  2 phantoms
  A kobold brigand (D:8)
  5 scorpions
  2 bullfrogs
  8 wights (D:6)
  12 killer bees
  4 bombardier beetles
  2 orc priests
  3 hounds
  Ijyb (D:5)
  Natasha (thrice) (D:3)
  Terence (D:3)
  2 iguanas
  2 sleepcaps
  An orc wizard (D:3)
  8 adders
  3 gnolls (D:5)
  4 river rats (Sewer)
  A white imp (D:6)
  2 ufetubi (D:5)
  A dart slug (D:2)
  4 ribbon worms
  12 orcs
  10 endoplasms
  5 giant cockroaches
  3 goblins
  16 hobgoblins
  2 jackals (D:1)
  22 kobolds
  7 quokkas
  14 ball pythons
  3 bats
  9 frilled lizards
  17 rats
217 creatures vanquished.

Vanquished Creatures (others)
  4 kobolds (D:8)
4 creatures vanquished.

Grand Total: 221 creatures vanquished

Notes
Turn   | Place    | Note
-------+----------+-------------------------------------------
     0 | D:1      | Silvore the Minotaur Fighter began the quest for the Orb.
     0 | D:1      | Reached XP level 1. HP: 19/19 MP: 0/0
   424 | D:1      | Reached XP level 2. HP: 27/27 MP: 1/1
   652 | D:1      | Found a faded altar of an unknown god.
  1314 | D:2      | Reached XP level 3. HP: 33/33 MP: 2/2
  1412 | D:2      | Reached skill level 3 in Maces & Flails
  1949 | D:3      | Reached XP level 4. HP: 32/40 MP: 3/3
  2105 | D:3      | Reached skill level 1 in Dodging
  2174 | D:3      | HP: 2/41 [something (5)]
  2326 | D:3      | Noticed an ice beast
  2368 | D:3      | Noticed Natasha
  2375 | D:3      | Killed Natasha
  2376 | D:3      | Reached skill level 5 in Armour
  2376 | D:3      | Reached XP level 5. HP: 46/47 MP: 4/4
  2404 | D:3      | Got the Anthology of the Entourage
  2527 | D:3      | Noticed Grinder
  2531 | D:3      | Paralysed by Grinder for 5 turns
  2559 | D:3      | Killed Grinder
  2560 | D:3      | Reached skill level 5 in Fighting
  2560 | D:3      | Reached skill level 4 in Maces & Flails
  2560 | D:3      | Reached XP level 6. HP: 14/56 MP: 5/5
  2688 | D:3      | Noticed Natasha
  2693 | D:3      | Killed Natasha
  2694 | D:3      | Reached skill level 5 in Maces & Flails
  2864 | D:3      | Noticed Terence
  2869 | D:3      | Killed Terence
  2925 | D:3      | Noticed Natasha
  2929 | D:3      | Killed Natasha
  2993 | D:4      | Found a runed translucent door.
  2998 | D:4      | Noticed rozman's ghost (amateur MfSh)
  3013 | D:4      | Killed rozman's ghost
  3014 | D:4      | Reached XP level 7. HP: 42/61 MP: 6/6
  3034 | D:4      | Found a runed translucent door.
  3252 | D:4      | Reached skill level 6 in Maces & Flails
  3266 | D:4      | Found a glowing drain.
  3286 | Sewer    | Entered a sewer
  4255 | D:5      | Entered Level 5 of the Dungeon
  4366 | D:5      | Reached skill level 7 in Maces & Flails
  4366 | D:5      | Reached XP level 8. HP: 70/70 MP: 7/7
  4432 | D:5      | Reached skill level 5 in Shields
  4528 | D:5      | Noticed Pikel
  4537 | D:5      | Killed Pikel
  4538 | D:5      | Reached skill level 9 in Maces & Flails
  4557 | D:5      | Noticed Ijyb
  4600 | D:5      | Killed Ijyb
  5051 | D:6      | Reached XP level 9. HP: 70/79 MP: 8/8
  5229 | D:6      | Reached skill level 10 in Maces & Flails
  5271 | D:6      | Reached skill level 1 in Unarmed Combat
  5585 | D:6      | Found an ornate altar of the Wu Jian Council.
  5840 | D:7      | Reached skill level 11 in Maces & Flails
  6214 | D:7      | Found a staircase to the Ecumenical Temple.
  6237 | Temple   | Entered the Ecumenical Temple
  6287 | Temple   | Became a worshipper of Warmaster Okawaru
  6819 | D:7      | Reached XP level 10. HP: 19/90 MP: 9/9
  6831 | D:7      | Reached skill level 1 in Stealth
  7129 | D:8      | Found a staircase to the Lair.
  7129 | D:8      | Noticed an elephant
  7175 | D:7      | Killed an elephant
  7175 | D:7      | Reached * piety under Okawaru
  7176 | D:7      | Reached skill level 12 in Maces & Flails
  8009 | D:8      | Noticed an arcanist
  8040 | D:8      | Killed an arcanist
  8040 | D:8      | Reached ** piety under Okawaru
  8090 | D:8      | Noticed a red ugly thing
  8098 | D:8      | HP: 1/92 [red ugly thing (9)]
  8098 | D:8      | Demolished by a red ugly thing

Illustrated notes

Levels and vault maps discovered:
D:1:      amcnicky_arrival_wind_blow, layout_basic,
          dreamdust_ecumenical_altar_statues, feat_on_display
D:2:      layout_basic
D:3:      layout_loops_cross, lightli_corner_chamber, uniq_natasha,
          uniq_terence, uniq_grinder
D:4:      layout_gridville, ebering_ghost_sewer_f,
          mainiacjoe_sewer_entry_somewhere_in_here_1
D:5:      layout_cave_pools, dreamdust_princess_corridor, uniq_ijyb, uniq_pikel
D:6:      layout_rooms, general_overflow_altar, nrook_pool_corridor,
          sigmund_army
D:7:      layout_gridville, minmay_temple_entry_wispy
D:8:      minmay_slanted_spiral_squares, layout_layer_cave, david_lair_generic
Temple:   mainiacjoe_temple_archimedes_tessellation

Skill      XL: |  1  2  3  4  5  6  7  8  9 10 |
---------------+-------------------------------+-----
Armour         | 4 5 6 7 8 9 |  9.2
Fighting       | 4 5 6 7 8 9 |  9.7
Shields        | 4 5 6 |  6.8
Maces & Flails | 3 4 5 7 9 11 12 | 12.5
Dodging        | 1 2 3 4 |  4.4
Unarmed Combat | 1 |  1.0
Stealth        | 1 |  1.4

Action                     |  1- 3 |  4- 6 |  7- 9 | 10-12 || total
---------------------------+-------+-------+-------+-------++-------
  Melee: Flail             |    96 |    90 |    14 |       ||   200
         Headbutt          |    10 |     9 |    36 |     9 ||    64
         Morningstar       |       |       |   241 |    68 ||   309
         Unarmed           |       |       |    21 |       ||    21
    Use: Scroll            |     6 |     2 |    15 |     2 ||    25
         Potion            |       |     2 |     1 |     1 ||     4
 Armour: Scale mail        |    79 |    77 |   197 |    51 ||   404
         Skin              |       |       |    10 |       ||    10
  Dodge: Dodged            |    67 |    26 |   201 |    67 ||   361
         Repelled          |       |       |       |     1 ||     1
  Block: Buckler           |    21 |    22 |   103 |    27 ||   173
